 Dungeon Crawl Stone Soup version 0.22.0-60-ga52c2fc (webtiles) character file.

60 Anon1729 the Chopper (level 4, -2/40 HPs)
             Began as a Naga Gladiator on Sept 10, 2018.
             Slain by a centaur (8 damage)
             ... on level 2 of the Dungeon.
             The game lasted 00:01:16 (1787 turns).

Anon1729 the Chopper (Naga Gladiator)               Turns: 1787, Time: 00:01:17

Health: -2/40      AC:  5    Str: 19    XL:     4   Next: 4%
Magic:  4/4        EV: 10    Int:  9    God:
Gold:   94         SH:  0    Dex: 12    Spells: 3/3 levels left

rFire    . . .     SeeInvis +   a - +0 war axe
rCold    . . .     Gourm    .   (no shield)
rNeg     . . .     Faith    .   b - +0 leather armour
rPois    +         Spirit   .   c - +0 helmet
rElec    .         Reflect  .   o - +0 cloak
rCorr    .         Harm     .   (no gloves)
MR       .....                  (no barding)
Stlth    +.........             (no amulet)
HPRegen  0.13/turn              n - +2 ring of strength
MPRegen  0.09/turn              (no ring)

@: very slow
A: large, see invisible, deformed body, poison resistance, slowness 2, slow
metabolism 1, spit poison 1, AC +1
a: Spit Poison


You were on level 2 of the Dungeon.
You were not hungry.

You visited 1 branch of the dungeon, and saw 2 of its levels.

You collected 94 gold pieces.

Inventory:

Hand Weapons
 a - a +0 war axe (weapon)
Missiles
 d - 3 throwing nets (quivered)
Armour
 b - a +0 leather armour (worn)
 c - a +0 helmet (worn)
 o - a +0 cloak (worn)
Jewellery
 m - a +3 ring of evasion {unknown}
 n - a +2 ring of strength (left hand)
Scrolls
 e - a scroll of identify {unknown}
 g - a scroll of teleportation {unknown}
 k - 4 scrolls of amnesia {unknown}
 l - 3 scrolls of remove curse {unknown}
Potions
 h - a potion of haste {unknown}
 i - a potion of invisibility {unknown}
 j - a potion of heal wounds {unknown}
 q - a potion of degeneration {unknown}
Comestibles
 f - 5 rations
 p - a chunk of flesh


   Skills:
 + Level 2.4 Fighting
 * Level 3.7 Axes
 - Level 2.0 Throwing
 + Level 1.0 Armour
 + Level 2.7 Dodging


You had 3 spell levels left.
You didn't know any spells.
Your spell library was empty.

Dungeon Overview and Level Annotations

Branches:
Dungeon (2/15)

Altars:


Innate Abilities, Weirdness & Mutations

You cannot wear boots.
Your serpentine skin is tough. (AC +1)
You have supernaturally acute eyesight. (SInv)
Armour fits poorly on your strangely shaped body.
Your system is resistant to poisons. (rPois)
You cover ground very slowly.
You have a slow metabolism.
You can spit poison.


Message History

You hit the centaur.
The centaur is moderately wounded.
The centaur hits you. The centaur barely misses you.
You are too injured to fight recklessly!
You are too injured to fight recklessly!
Unknown command.
You are too injured to fight recklessly!
You barely miss the centaur.
The centaur is moderately wounded.
The centaur barely misses you.
The centaur hits you but does no damage.
You slash the centaur!
The centaur is heavily wounded.
The centaur barely misses you. The centaur hits you.
You slash the centaur!
The centaur is almost dead.
The centaur hits you!
* * * LOW HITPOINT WARNING * * *
The centaur hits you!
You die...

#. #. ##.# #.
###...##. ###
......... #..
.......#. #.# #
#....... ##.##.#
#....... #..@c.#
#....... #[(####
#....... #(.#
##.##.....# #..#
...###...## #..#
#..# ##.## # #..#
#..# #.# ####.#..#
#..# #.# #..(....#
#..# #.#
#.#####.#######..#
#.#


You could see a centaur.

Vanquished Creatures
  A gnoll (D:1)
  An adder (D:2)
  A worm (D:2)
  2 dart slugs (D:1)
  2 giant cockroaches
  3 goblins (D:1)
  8 hobgoblins
  3 jackals (D:2)
  4 kobolds
  2 bats (D:1)
  3 frilled lizards (D:1)
  4 rats
34 creatures vanquished.

Notes
Turn   | Place    | Note
-------+----------+-------------------------------------------
     0 | D:1      | Anon1729 the Naga Gladiator began the quest for the Orb.
     0 | D:1      | Reached XP level 1. HP: 19/19 MP: 1/1
   301 | D:1      | Reached XP level 2. HP: 11/26 MP: 2/2
   841 | D:1      | Reached XP level 3. HP: 27/32 MP: 3/3
  1480 | D:2      | Reached skill level 1 in Armour
  1528 | D:2      | Reached XP level 4. HP: 22/40 MP: 4/4
  1779 | D:2      | Noticed a centaur
  1787 | D:2      | Slain by a centaur

Skill      XL: |  1  2  3 |
---------------+----------+-----
Throwing       | 2 |  2.0
Armour         | 1 |  1.0
Fighting       | |  2.4
Axes           | |  3.7
Dodging        | |  2.7

Action                   |  1- 3 |  4- 6 || total
-------------------------+-------+-------++-------
Melee: War axe           |    88 |     9 ||    97
 Stab: Sleeping          |     1 |       ||     1
  Eat: Chunk             |     1 |     1 ||     2
Armor: Leather armour    |    31 |     4 ||    35
Dodge: Dodged            |    59 |     7 ||    66
